 Dungeon Crawl Stone Soup version 0.25-a0-474-ga8a2ee3166 (webtiles) character file.

Game seed: 14750825499982783574, levelgen mode: deterministic

8167 Eurus the Thaumaturge (level 11, -4/79 HPs)
             Began as a Mummy Conjurer on Feb 8, 2020.
             Was a Believer of Ashenzari.
             Shot with an arrow by a centaur warrior (14 damage)
             ... on level 10 of the Dungeon.
             The game lasted 00:37:20 (12695 turns).

Eurus the Thaumaturge (Mummy Conjurer)             Turns: 12695, Time: 00:37:20

Health: -4/79      AC: 11    Str: 11    XL:     11   Next: 6%
Magic:  21/25      EV: 17    Int: 23    God:    Ashenzari [**....]
Gold:   564        SH:  0    Dex: 13    Spells: 17/31 levels left

rFire    x . .     SeeInvis .   u - +3 short sword
rCold    + . .     Gourm    .   (no shield)
rNeg     + + +     Faith    .   p - +1 steam dragon scales
rPois    ∞         Spirit   .   o - +0 helmet
rElec    .         Reflect  .   w - +0 cloak
rCorr    .         Harm     .   a - +0 pair of gloves
MR       +....                  (no boots)
Stlth    ++........             (no amulet)
HPRegen  0.23/turn              j - +5 ring of intelligence
MPRegen  0.19/turn              c - +5 ring of evasion

@: no status effects
A: no food or potions, fire vulnerability, cold resistance 1, negative energy
resistance 3, torment resistance, unbreathing
a: Curse Item, Scrying, Renounce Religion


You were on level 10 of the Dungeon.
You worshipped Ashenzari.
Ashenzari was pleased with you.
You were not hungry.

You visited 2 branches of the dungeon, and saw 11 of its levels.

You collected 564 gold pieces.

Inventory:

Hand Weapons
 u - a +3 short sword (weapon)
Armour
 a - a +0 pair of gloves (worn)
 o - a +0 helmet (worn)
 p - +1 steam dragon scales (worn)
 w - a +0 cloak (worn)
Jewellery
 b - an uncursed ring of see invisible
 c - a +5 ring of evasion (right hand)
 h - an uncursed ring of protection from magic
 j - a +5 ring of intelligence (left hand)
 x - a +3 ring of protection
Wands
 n - a wand of flame (31)
 r - a wand of enslavement (7)
 s - a wand of paralysis (5)
 t - a wand of random effects (12)
Scrolls
 d - a scroll of enchant armour
 e - 7 scrolls of identify
 f - 8 scrolls of remove curse
 g - a scroll of amnesia
 i - a scroll of blinking
 k - a scroll of magic mapping
 l - 5 scrolls of teleportation
 m - a scroll of fear
 q - a scroll of fog
 v - a scroll of summoning


   Skills:
 - Level 5.0 Fighting
 + Level 5.8 Armour
 - Level 1.5 Dodging
 - Level 1.5 Stealth
 + Level 10.6 Spellcasting
 + Level 8.1 Conjurations
 + Level 6.8 Translocations


You had 17 spell levels left.
You knew the following spells:

 Your Spells              Type           Power        Failure   Level  Hunger
a - Magic Dart            Conj           ####         1%          1    N/A
b - Searing Ray           Conj           #####.       1%          2    N/A
c - Blink                 Tloc           N/A          1%          2    N/A
d - Gell's Gravitas       Tloc           #####.....   1%          3    N/A
e - Iskenderun's Mystic   Conj/Tloc      #####...     2%          4    N/A
f - Shroud of Golubria    Chrm/Tloc      ####..       1%          2    N/A

Your spell library contained the following spells:

 Spells                   Type           Power        Failure   Level  Hunger
 Lesser Beckoning         Tloc           #####.....   1%          3    N/A
 Teleport Other           Tloc           #####...     1%          3    N/A
 Dazzling Flash           Conj/Hex       ####..       3%          3    N/A
 Passage of Golubria      Tloc           N/A          3%          4    N/A
 Sticks to Snakes         Tmut           ##......     9%          2    N/A
 Fulminant Prism          Conj/Hex       ####......   10%         4    N/A
 Beastly Appendage        Tmut           Unusable     N/A         1    N/A
 Spider Form              Tmut/Pois      Unusable     N/A         3    N/A
 Ice Form                 Ice/Tmut       Unusable     N/A         4    N/A
 Blade Hands              Tmut           Unusable     N/A         5    N/A

Dungeon Overview and Level Annotations

Branches:
Dungeon (10/15)            Temple (1/1) D:5            Lair (0/6) D:10
    Orc: D:9-12

Altars:
Ashenzari
Cheibriados
Dithmenos
Elyvilon
Fedhas
Gozag
Hepliaklqana
Kikubaaqudgha
Makhleb
Nemelex Xobeh
Okawaru
Qazlal
Ru
Sif Muna
Trog
Uskayaw
Vehumet
Wu Jian
Xom
Yredelemnul
Zin
The Shining One

Annotations:
D:6 exclusions: 2 orc warriors and 2 rust devils
D:8 Grum, Harold
D:9 exclusions: 3 killer bees, 4 sensed monsters (detected) and 3 more exclusions


Innate Abilities, Weirdness & Mutations

You do not eat or drink.
Your flesh is vulnerable to fire.
You are immune to poison.
Your flesh is cold resistant. (rC+)
You are immune to negative energy. (rN+++)
You are immune to unholy pain and torment.
You can survive without breathing.


Message History

(Press . to maintain the ray.)
The centaur shoots an arrow.
The arrow misses you.
The searing ray hits the centaur!
The centaur is severely wounded.
The centaur shoots an arrow.
The arrow closely misses you.
The centaur shoots an arrow.
The arrow hits you.
The searing ray hits the centaur!
You kill the centaur!
The centaur warrior shoots an arrow.
The arrow hits you!
The centaur warrior shoots an arrow.
The arrow hits you!
You see here an arrow.
The centaur warrior shoots an arrow.
The arrow hits you!!
The centaur warrior shoots an arrow.
The arrow completely misses you.
You see here an arrow.
The centaur warrior shoots an arrow.
The arrow completely misses you.
The centaur warrior shoots an arrow.
The arrow hits you!
* * * LOW HITPOINT WARNING * * *
You see here 2 arrows.
The centaur warrior shoots an arrow.
The arrow hits you!
You die...

* *#######.# # , ........# # ,,
*** ######..# * * ####..#
####.....#### ###
####...........#
##.#####.......##..##.#
###########.......##.........#.>.
.......<.....###@###.........#.#.
############c##.(..#......#....#.
#..{..##..>.#.###.....####
#.###.##....#.###.#.#...#.
########.# #.###.###......###..#.
cc.(((((.# #.# ##c###....## ##...
##.####### #.# ##...####.###.###
K.. # #.# #..##.....#..# # ##.
#....# #.c##......#.###


You could see a centaur warrior.

Vanquished Creatures
  An unseen horror (D:10)
  Pikel (D:6)
  Maggie (D:6)
  Prince Ribbit (D:6)
  A wyvern (D:9)
  5 yaks (D:10)
  2 hungry ghosts (D:9)
  A steam dragon (D:8)
  Menkaure (D:6)
  2 wargs (D:10)
  2 water moccasins
  4 orc warriors
  3 ice beasts
  4 sky beasts
  7 phantoms
  2 black bears
  7 ogres
  A wolf (D:8)
  A centaur (D:10)
  2 big kobolds
  2 bullfrogs
  4 scorpions
  3 killer bees (D:7)
  4 howler monkeys
  6 crimson imps
  3 bullfrog zombies
  3 hounds
  4 orc priests
  A jelly (D:8)
  8 orc wizards
  2 bullfrog skeletons
  A centaur skeleton (D:6)
  3 iguanas
  15 worker ants
  2 hound zombies
  A hound skeleton (D:4)
  A howler monkey zombie (D:7)
  3 gnolls (D:9)
  8 adders
  5 shadow imps
  2 oozes
  7 adder skeletons
  3 adder zombies
  5 worms
  2 dart slugs
  9 leopard geckos
  26 orcs
  2 ball pythons (D:4)
  4 giant cockroaches
  11 goblins
  8 hobgoblins
  3 jackals
  2 quokkas
  8 bats
  4 frilled lizards
  17 kobolds
  11 rats
252 creatures vanquished.

Vanquished Creatures (others)
  A wizard (D:5)
  3 slaves (D:7)
  An orc priest (D:7)
  An orc wizard (D:7)
  An adder (D:7)
  An orc (D:7)
8 creatures vanquished.

Grand Total: 260 creatures vanquished

Notes
Turn   | Place    | Note
-------+----------+-------------------------------------------
     0 | D:1      | Eurus the Mummy Conjurer began the quest for the Orb.
     0 | D:1      | Reached XP level 1. HP: 13/13 MP: 4/4
   158 | D:1      | Reached skill level 3 in Spellcasting
   239 | D:1      | Reached XP level 2. HP: 20/20 MP: 3/6
   243 | D:1      | Learned a level 2 spell: Searing Ray
   407 | D:1      | Reached skill level 1 in Fighting
   705 | D:1      | Reached XP level 3. HP: 26/26 MP: 5/7
  1910 | D:3      | Reached XP level 4. HP: 32/33 MP: 2/9
  2139 | D:3      | Reached skill level 4 in Spellcasting
  2354 | D:3      | Learned a level 2 spell: Blink
  2359 | D:3      | Reached XP level 5. HP: 39/39 MP: 6/11
  2450 | D:3      | Found a sacrificial altar of Ru.
  3125 | D:4      | Found a sparkling altar of Nemelex Xobeh.
  3153 | D:4      | Reached skill level 1 in Translocations
  3497 | D:4      | Reached XP level 6. HP: 47/47 MP: 8/13
  3727 | D:4      | Reached skill level 5 in Spellcasting
  3733 | D:4      | Reached XP level 7. HP: 27/52 MP: 1/15
  4316 | D:4      | Reached skill level 5 in Conjurations
  4456 | D:5      | Entered Level 5 of the Dungeon
  4462 | D:5      | Reached skill level 6 in Spellcasting
  4909 | D:5      | Reached XP level 8. HP: 61/61 MP: 7/17
  5033 | D:5      | Found a staircase to the Ecumenical Temple.
  5038 | Temple   | Entered the Ecumenical Temple
  5157 | Temple   | Became a worshipper of Ashenzari the Shackled
  5302 | D:5      | Reached skill level 1 in Armour
  5469 | D:5      | Found a shattered altar of Ashenzari.
  5488 | D:5      | Reached skill level 5 in Fighting
  5582 | D:5      | Found a bloodstained altar of Trog.
  5755 | D:5      | Found a hide-covered altar of Uskayaw.
  5986 | D:5      | Reached skill level 7 in Spellcasting
  6192 | D:5      | Noticed a wizard
  6194 | D:5      | Killed a wizard
  6374 | D:6      | Noticed Prince Ribbit
  6617 | D:6      | Found a sparkling altar of Nemelex Xobeh.
  6619 | D:6      | Found an ornate altar of the Wu Jian Council.
  6619 | D:6      | Found a shimmering blue altar of Sif Muna.
  6619 | D:6      | Found a stormy altar of Qazlal.
  6626 | D:6      | Found a glowing golden altar of the Shining One.
  6642 | D:6      | Found a shadowy altar of Dithmenos.
  6642 | D:6      | Found a glowing silver altar of Zin.
  6643 | D:6      | Found an iron altar of Okawaru.
  6722 | D:6      | Noticed Menkaure
  6729 | D:6      | Killed Menkaure
  6825 | D:6      | Noticed Maggie
  6840 | D:6      | Killed Maggie
  6840 | D:6      | Reached XP level 9. HP: 46/68 MP: 6/20
  6965 | D:6      | Reached * piety under Ashenzari
  7302 | D:7      | Noticed Pikel
  7325 | D:6      | Killed Pikel
  7325 | D:6      | Reached skill level 8 in Spellcasting
  7467 | D:6      | Killed Prince Ribbit
  7467 | D:6      | Reached skill level 5 in Translocations
  7546 | D:6      | Noticed a rust devil
  7546 | D:6      | Noticed a rust devil
  7566 | D:7      | Found a burning altar of Makhleb.
  7566 | D:7      | Found a shimmering altar of Xom.
  8171 | D:7      | Reached skill level 9 in Spellcasting
  8537 | D:7      | Reached XP level 10. HP: 52/74 MP: 11/23
  9227 | D:8      | Noticed Harold
  9380 | D:8      | Found a snail-covered altar of Cheibriados.
  9604 | D:8      | Noticed Grum
 10459 | D:9      | Reached skill level 5 in Armour
 11079 | D:9      | Reached skill level 10 in Spellcasting
 11316 | D:9      | Reached ** piety under Ashenzari
 11554 | D:10     | Entered Level 10 of the Dungeon
 11556 | D:10     | Noticed a centaur warrior
 12056 | D:10     | Found a staircase to the Lair.
 12299 | D:10     | Killed an unseen horror
 12299 | D:10     | Reached XP level 11. HP: 79/79 MP: 20/25
 12390 | D:10     | Learned a level 3 spell: Gell's Gravitas
 12395 | D:10     | Learned a level 4 spell: Iskenderun's Mystic Blast
 12398 | D:10     | Learned a level 2 spell: Shroud of Golubria
 12695 | D:10     | Shot with an arrow by a centaur warrior

Levels and vault maps discovered:
D:1:      dpeg_arrival_tiny_a, layout_rooms, minivault_25, serial_bayou_pond_a,
          minivault_27
D:2:      layout_basic
D:3:      layout_rooms, nicolae_ru_awakened_eye
D:4:      cheibrodos_barr_body, layout_basic, first_ration,
          grunt_decor_mini_mirrors, nemelex_xobeh_ov_fountains_minmay
D:5:      layout_basic, lemuel_round_altar, temple_doors_cd, basic_altar,
          roderic_serpentine_path, skrybe_limestone_x, trog_wizard
D:6:      cheibrodos_iron_armory, layout_basic, grunt_temple_overflow_open,
          uniq_maggie, uniq_menkaure, uniq_prince_ribbit1
D:7:      layout_cave_pods, grunt_temple_overflow_champion_of_chaos, uniq_pikel
D:8:      layout_loops_ring, lemuel_crystal_altar, uniq_harold, uniq_grum
D:9:      cheibrodos_statue_roulette, layout_grid_maze
D:10:     layout_loops_ring, erik_lair_orcish_takeover
Temple:   nicolae_temple_figure_zero

Skill      XL: |  1  2  3  4  5  6  7  8  9 10 |
---------------+-------------------------------+-----
Spellcasting   | 3 4 5 6 7 9 10 | 10.6
Fighting       | 1 2 3 4 5 |  5.0
Conjurations   | 4 5 6 7 8 |  8.1
Translocations | 1 2 3 4 5 6 |  6.8
Armour         | 2 4 5 |  5.8
Dodging        | |  1.5
Stealth        | |  1.5

Action                   |  1- 3 |  4- 6 |  7- 9 | 10-12 || total
-------------------------+-------+-------+-------+-------++-------
Melee: Short sword       |    20 |    59 |    28 |    21 ||   128
       Dagger            |       |       |    15 |       ||    15
 Cast: Magic Dart        |    68 |    40 |    96 |    48 ||   252
       Searing Ray       |     4 |    21 |    71 |    64 ||   160
  Use: Scroll            |       |       |     7 |     1 ||     8
Armor: Robe              |     6 |    19 |     2 |       ||    27
       Leather armour    |       |       |    22 |       ||    22
       Steam dragon scal |       |       |    19 |    30 ||    49
Dodge: Dodged            |    23 |    79 |    81 |    83 ||   266

Table legend:
 A = Non-vault XP
 B = Vault XP
 C = Vault XP percentage of total XP
 D = Non-vault monster count
 E = Vault monster count
 F = Vault count percentage of total count
                 A         B        C        D         E       F
            +---------+---------+-------+---------+---------+-------
      Total |    9189 |    2479 |  21.2 |     230 |      22 |   8.7
            +---------+---------+-------+---------+---------+-------
        D:1 |      46 |       0 |   0.0 |      26 |       0 |   0.0
        D:2 |      49 |       0 |   0.0 |      15 |       0 |   0.0
        D:3 |     186 |       0 |   0.0 |      35 |       0 |   0.0
        D:4 |     483 |     367 |  43.2 |      20 |       9 |  31.0
        D:5 |    1069 |       0 |   0.0 |      23 |       0 |   0.0
        D:6 |     691 |    1468 |  68.0 |      16 |       4 |  20.0
        D:7 |    1330 |      46 |   3.3 |      35 |       1 |   2.8
        D:8 |    1792 |     116 |   6.1 |      25 |       1 |   3.8
        D:9 |    1266 |       0 |   0.0 |      21 |       0 |   0.0
       D:10 |    2277 |     482 |  17.5 |      14 |       7 |  33.3
            +---------+---------+-------+---------+---------+-------
